 Dungeon Crawl Stone Soup version 0.31-a0-95-g6fa058ef04 (webtiles) character file.

Game seed: 391901008098736684

2022 Runnerthe2 the Grappler (level 9, 0/57 HPs)
             Began as an Octopode Transmuter on May 25, 2023.
             Was a Follower of Wu Jian.
             Succumbed to a water moccasin's poison
             ... on level 6 of the Dungeon.
             The game lasted 00:29:18 (5742 turns).

Runnerthe2 the Grappler (Octopode Transmuter)       Turns: 5742, Time: 00:29:18

Health: 0/57       AC:  1    Str: 13    XL:     9   Next: 23%
Magic:  22/22      EV: 14    Int: 16    God:    Wu Jian [*.....]
Gold:   122        SH:  0    Dex: 12    Spells: 10/13 levels left

rFire   + +          .
                       - Unarmed
rCold   . . .        (no shield)
rNeg    . . .        (helmet restricted)
rPois   .            (no amulet)
rElec   .            d - ring of willpower
rCorr   +            n - +4 ring of slaying
SInv    .            o - ring of protection from fire
Will    +....        u - ring of magical power
Stlth   ++++         y - ring of resist corrosion
HPRegen 0.29/turn    B - ring of fire
MPRegen 0.18/turn    v - ring of protection from cold
                     (no ring)

%: no passive effects
@: brilliant, lethally poisoned (0 -> -4), about to teleport, wereblooded,
attractive, hasted, very quick
A: almost no armour, amphibious, 8 rings, camouflage 1, gelatinous body 1,
(nimble swimmer 1), tentacles
a: Renounce Religion


You were on level 6 of the Dungeon.
You worshipped Wu Jian.
Wu Jian was aware of your devotion.
You visited 2 branches of the dungeon, and saw 7 of its levels.

You collected 322 gold pieces.
You spent 200 gold pieces at shops.

Inventory:

Missiles
 f - a throwing net
Jewellery
 d - a ring of willpower (left tentacle)
 n - a +4 ring of slaying (right tentacle)
 o - a ring of protection from fire (on tentacle)
 u - a ring of magical power (on tentacle)
 v - a ring of protection from cold (on tentacle)
 y - a ring of resist corrosion (on tentacle)
 B - a ring of fire (on tentacle)
Wands
 q - a wand of flame (15)
 x - a wand of iceblast (10)
 z - a wand of polymorph (10)
 A - a wand of paralysis (4)
Scrolls
 a - a scroll of butterflies
 b - 2 scrolls of enchant armour {unknown}
 e - 2 scrolls of vulnerability {unknown}
 g - a scroll of enchant weapon {unknown}
 h - 2 scrolls of amnesia {unknown}
 i - 2 scrolls of poison {unknown}
 j - 2 scrolls of fog {unknown}
 l - 2 scrolls of identify {unknown}
 p - a scroll of noise {unknown}
Potions
 c - a potion of haste
 k - 2 potions of attraction
 w - a potion of enlightenment


   Skills:
 + Level 3.5 Fighting
 + Level 1.0 Staves
 + Level 5.0 Dodging
 + Level 6.6 Stealth
 + Level 8.7 Unarmed Combat
 + Level 2.9 Spellcasting
 + Level 3.3 Transmutations


You had 10 spell levels left.
You knew the following spells:

 Your Spells              Type           Power      Damage    Failure   Level
a - Beastly Appendage     Tmut           38%        N/A       4%          1
b - Wereblood             Tmut           19%        N/A       8%          2

Your spell library contained the following spells:

 Spells                   Type           Power      Damage    Failure   Level
 Sublimation of Blood     Necr           3%         N/A       28%         2
 Spider Form              Tmut/Pois      9%         N/A       32%         3
 Inner Flame              Hex/Fire       2%         N/A       54%         3
 Volatile Blastmotes      Fire/Tloc      4%         2d10      54%         3
 Ice Form                 Ice/Tmut       9%         N/A       73%         4
 Petrify                  Tmut/Erth      9%         N/A       73%         4
 Fulminant Prism          Conj/Hex       0%         3d5       91%         4
 Iskenderun's Mystic Bla  Conj/Tloc      1%         2d3       91%         4
 Irradiate                Conj/Tmut      4%         3d13      97%         5
 Yara's Violent Unravell  Hex/Tmut       4%         3d4       97%         5
 Lee's Rapid Deconstruct  Erth           1%         3d4*      99%         5
 Enfeeble                 Hex            1%         N/A       100%        7


Dungeon Overview and Level Annotations

Branches:
Dungeon (6/15)             Temple (1/1) D:4

Altars:
Ashenzari
Cheibriados
Dithmenos
Fedhas
Gozag
Hepliaklqana
Kikubaaqudgha
Makhleb
Nemelex Xobeh
Okawaru
Qazlal
Ru
Trog
Uskayaw
Vehumet
Wu Jian
Xom
Yredelemnul
The Shining One

Shops:
D:1 [   D:3 =


Innate Abilities, Weirdness & Mutations

You cannot wear most types of armour.
You are amphibious.
You can wear up to eight rings at the same time.
Your skin changes colour to match your surroundings (Stealth+).
Your rubbery body absorbs attacks. (AC +1, EV +1)
((You are camouflaged when in or above water. (Stealth+)))
You have tentacles for arms and can constrict up to eight enemies at once.


Message History

The water moccasin bites you.
You tentacle-slap the water moccasin. You squeeze the water moccasin!
The water moccasin is almost dead.
You constrict the water moccasin.
You feel a bit better.
You kill the water moccasin!
The Council accepts your kill.
* * * LOW HITPOINT WARNING * * *
You feel very sick.
Your Staves skill increases to level 1!
It was a potion of brilliance.
You feel clever all of a sudden.
* * * LOW HITPOINT WARNING * * *
You feel very sick.
It was a potion of haste.
You feel yourself speed up.
* * * LOW HITPOINT WARNING * * *
You feel very sick.
There is a lethal amount of poison in your body!
It was a potion of attraction.
You feel attractive to monsters.
* * * LOW HITPOINT WARNING * * *
You feel sick.
It was a potion of magic.
Magic courses through your body.
* * * LOW HITPOINT WARNING * * *
You feel sick.
Found a stone staircase leading down.
* * * LOW HITPOINT WARNING * * *
You feel sick.
* * * LOW HITPOINT WARNING * * *
You feel sick.
There is a lethal amount of poison in your body!
* * * LOW HITPOINT WARNING * * *
You feel sick.
You see here a book of Rime.
As you read the scroll labelled JATY HIHELL, it crumbles to dust.
You feel strangely unstable.
It was a scroll of teleportation.
* * * LOW HITPOINT WARNING * * *
You feel sick.
There is a lethal amount of poison in your body!
There is a lethal amount of poison in your body!
You die...

.#
*,,,,,,**********,*
.#
****............#.*
.# #.............,*
.# #....>.......#**
.# #.........[..#
.# #............#
.# #............#
.# #............#
.# #.......@....#
.# #.......:....#
.# #............#
.# #............#
.# #####'########
.############.#
..............#
###############


There were no monsters in sight!

Vanquished Creatures
  Pikel (D:4)
  A water moccasin (D:6)
  Duvessa (D:5)
  2 black bears (D:5)
  An ogre (D:6)
  3 lemures (D:4)
  Blork the orc (D:6)
  A gnoll sergeant (D:5)
  2 scorpions
  Dowan (D:5)
  2 jellies
  3 hounds
  6 orc priests
  Crazy Yiuf (D:5)
  Ijyb (D:5)
  6 orc wizards
  8 gnolls
  10 adders
  An ufetubus (D:6)
  5 worms
  3 dart slugs
  14 orcs
  8 bats
  8 endoplasms
  5 giant cockroaches
  7 goblins
  4 hobgoblins
  2 jackals (D:1)
  4 quokkas
  7 ball pythons
  3 frilled lizards
  5 kobolds
  4 rats
131 creatures vanquished.

Notes
Turn   | Place    | Note
-------+----------+-------------------------------------------
     0 | D:1      | Runnerthe2 the Octopode Transmuter began the quest for the
                  | Orb.
     0 | D:1      | Reached XP level 1. HP: 13/13 MP: 3/3
    95 | D:1      | Reached XP level 2. HP: 10/18 MP: 5/5
   140 | D:1      | Learned a level 2 spell: Wereblood
   460 | D:1      | Found Juinygot's Antique Armour Emporium.
   555 | D:1      | Reached XP level 3. HP: 16/23 MP: 6/6
  1334 | D:2      | Reached XP level 4. HP: 28/28 MP: 7/7
  1337 | D:2      | Reached skill level 4 in Unarmed Combat
  1602 | D:2      | Reached skill level 1 in Stealth
  2121 | D:3      | Found Futhut's Jewellery Emporium.
  2169 | D:3      | Bought a ring of magical power for 200 gold pieces
  2334 | D:3      | Reached XP level 5. HP: 28/33 MP: 8/8
  2731 | D:4      | Noticed a water elemental
  2733 | D:4      | Found a stormy altar of Qazlal.
  2735 | D:4      | Noticed a fire elemental
  2735 | D:4      | Noticed an air elemental
  2953 | D:4      | Noticed a lemure
  2959 | D:4      | Noticed a lemure
  2960 | D:4      | Noticed a lemure
  2970 | D:4      | Killed a lemure
  2975 | D:4      | Killed a lemure
  2977 | D:4      | Noticed Pikel
  2982 | D:4      | Killed a lemure
  2983 | D:4      | Noticed a lemure
  2991 | D:4      | Killed Pikel
  2992 | D:4      | Reached skill level 6 in Unarmed Combat
  2992 | D:4      | Reached XP level 6. HP: 15/39 MP: 9/9
  2992 | D:4      | Reached XP level 7. HP: 17/45 MP: 10/10
  3251 | D:4      | Found a staircase to the Ecumenical Temple.
  3816 | Temple   | Entered the Ecumenical Temple
  3900 | Temple   | Became a worshipper of the Wu Jian Council
  3985 | D:5      | Entered Level 5 of the Dungeon
  3985 | D:5      | Noticed Ijyb
  3991 | D:5      | Reached skill level 5 in Stealth
  3991 | D:5      | Reached XP level 8. HP: 36/51 MP: 11/11
  3994 | D:5      | Killed Ijyb
  3995 | D:5      | Reached skill level 7 in Unarmed Combat
  4375 | D:5      | Noticed Dowan
  4376 | D:5      | Noticed Duvessa
  4389 | D:5      | Killed Duvessa
  4392 | D:5      | Killed Dowan
  4786 | D:5      | Found a runed translucent door.
  4787 | D:5      | Noticed Crazy Yiuf
  4793 | D:5      | Killed Crazy Yiuf
  4793 | D:5      | Reached * piety under Wu Jian
  4872 | D:5      | Reached skill level 8 in Unarmed Combat
  5255 | D:6      | Noticed Blork the orc
  5262 | D:6      | Killed Blork the orc
  5263 | D:6      | Reached XP level 9. HP: 57/57 MP: 13/13
  5277 | D:6      | Reached skill level 5 in Dodging
  5356 | D:6      | Found a shadowy altar of Dithmenos.
  5733 | D:6      | Reached skill level 1 in Staves
  5739 | D:6      | HP: 1/57 [poisoned by a water moccasin]
  5742 | D:6      | Succumbed to a water moccasin's poison

Illustrated notes

Levels and vault maps discovered:
D:1:      dpeg_arrival_round_c, layout_basic, serial_shops,
          nicolae_shop_crystal, minmay_heptomino_o4
D:2:      minmay_chambers_of_twos, layout_basic
D:3:      layout_basic, serial_shops, nicolae_shop_stone,
          minmay_misc_feat_columns, minmay_cut_off
D:4:      layout_loops_corners, nicolae_qazlal_style_of_elements,
          minmay_temple_entry_glass, uniq_pikel
D:5:      layout_loops_ring, uniq_ijyb, uniq_crazy_yiuf_cottage, uniq_duvessa
D:6:      layout_basic, mainiacjoe_overflow_24_doors, minivault_11,
          uniq_blork_the_orc
Temple:   sentei_temple_godly_chess

Skill      XL: |  1  2  3  4  5  6  7  8  9 |
---------------+----------------------------+-----
Unarmed Combat | 4 6 8 |  8.7
Stealth        | 1 4 5 6 |  6.6
Dodging        | 3 4 5 |  5.0
Fighting       | 2 3 |  3.5
Transmutations | 3 |  3.3
Staves         | 1 |  1.0
Spellcasting   | |  2.9

Action                     |  1- 3 |  4- 6 |  7- 9 || total
---------------------------+-------+-------+-------++-------
  Melee: Unarmed           |    85 |    78 |   140 ||   303
         Constrict         |    22 |    18 |    39 ||    79
         Tentacles         |    14 |    19 |    34 ||    67
         Punch             |     1 |     4 |     9 ||    14
         Quarterstaff      |       |       |     3 ||     3
   Cast: Wereblood         |       |       |     7 ||     7
Ability: Lunge             |       |       |    21 ||    21
         Whirlwind         |       |       |     2 ||     2
    Use: Scroll            |       |     1 |     3 ||     4
         Potion            |       |     1 |     8 ||     9
   Stab: Sleeping          |     1 |     5 |     6 ||    12
         Distracted        |       |       |     1 ||     1
         Invisible         |       |       |     1 ||     1
 Armour: Skin              |    26 |    11 |     8 ||    45
  Dodge: Dodged            |    71 |    47 |    76 ||   194

Table legend: (Time is in decaauts)
 A = Elapsed time spent in this place.
 B = Non-inter-level travel time spent in this place.
 C = Inter-level travel time spent in this place.
 D = Time resting spent in this place.
 E = Time spent auto-exploring this place.
 F = Levels seen in this place.
 G = Mean time per level.
                   A        B        C        D        E       F      G
               +--------+--------+--------+--------+--------+-----+--------+
         Total |   5707 |   5676 |     31 |    691 |   3165 |   7 |  815.3 |
       Dungeon |   5608 |   5578 |     30 |    691 |   3165 |   6 |  934.7 |
        Temple |     98 |     97 |      1 |      0 |      0 |   1 |   98.0 |
               +--------+--------+--------+--------+--------+-----+--------+

Top non-repeatable levels by time:
     D:4: 1303 daAuts
     D:5: 1148 daAuts
     D:1: 1013 daAuts
     D:3: 812 daAuts
     D:2: 739 daAuts
     D:6: 591 daAuts
  Temple: 98 daAuts
